 Dungeon Crawl Stone Soup version 0.22-a0-293-gc9362ec (webtiles) character file.

747 Amnesiac the Conjurer (level 7, -7/41 HPs)
             Began as a Deep Elf Wizard on Mar 24, 2018.
             Was an Initiate of Sif Muna.
             Shot with an arrow by a centaur (13 damage)
             ... on level 5 of the Dungeon.
             The game lasted 00:10:27 (6204 turns).

Amnesiac the Conjurer (Deep Elf Wizard)             Turns: 6204, Time: 00:10:28

Health: -7/41      AC:  3    Str:  4    XL:     7   Next: 48%
Magic:  9/16       EV: 12    Int: 25    God:    Sif Muna [......]
Gold:   152        SH:  7    Dex: 13    Spells: 5/16 levels left

rFire    . . .     SeeInvis .   h - +1 dagger (drain)
rCold    . . .     Gourm    .   o - +2 buckler
rNeg     . . .     Faith    .   a - +0 robe
rPois    .         Spirit   .   b - +1 hat
rElec    .         Reflect  .   (no cloak)
rCorr    .         Harm     .   (no gloves)
MR       ++...                  (no boots)
Stlth    ++........             (no amulet)
HPRegen  0.13/turn              (no ring)
MPRegen  0.15/turn              (no ring)

@: no status effects
A: magic resistance 2
a: Renounce Religion


You were on level 5 of the Dungeon.
You worshipped Sif Muna.
Sif Muna was noncommittal.
You were hungry.

You visited 2 branches of the dungeon, and saw 6 of its levels.

You collected 152 gold pieces.

Inventory:

Hand Weapons
 h - a +1 dagger of draining (weapon)
Armour
 a - a +0 robe (worn)
 b - a +1 hat (worn)
 o - a +2 buckler (worn)
Wands
 m - a wand of random effects (10)
 n - a wand of acid (5)
Scrolls
 k - a scroll of blinking {!r}
Potions
 e - a potion of might {!q}
 f - 3 potions of curing {!q}
 i - a potion of cancellation {!q}
 j - a potion of magic {!q}
 l - a potion of brilliance {!q}
Comestibles
 d - 9 rations


   Skills:
 - Level 3.3 Fighting
 - Level 2.4 Dodging
 - Level 2.4 Stealth
 + Level 3.8 Shields
 + Level 5.0 Spellcasting
 * Level 5.2 Conjurations
 - Level 1.1 Summonings
 - Level 1.1 Translocations


You had 5 spell levels left.
You knew the following spells:

 Your Spells              Type           Power        Failure   Level  Hunger
a - Magic Dart            Conj           ####         1%          1    None
b - Call Imp              Summ           ##......     8%          2    None
e - Mephitic Cloud        Conj/Pois/Air  ###.....     12%         3    ##.....
s - Conjure Flame         Conj/Fire      ###.....     9%          3    ##.....
v - Blink                 Tloc           N/A          8%          2    None


Dungeon Overview and Level Annotations

Branches:
Dungeon (5/15)             Temple (1/1) D:4

Altars:
Ashenzari
Cheibriados
Dithmenos
Elyvilon
Fedhas
Gozag
Hepliaklqana
Kikubaaqudgha
Makhleb
Nemelex Xobeh
Okawaru
Qazlal
Ru
Sif Muna
Trog
Vehumet
Wu Jian
Xom
Yredelemnul
Zin
The Shining One

Annotations:
D:5 Grinder


Innate Abilities, Weirdness & Mutations

You are highly resistant to hostile enchantments. (MR++)


Message History

Press: ? - help, Shift-Dir - straight line, f/p - Grinder
Aim: Grinder (lightly wounded)
The magic dart hits Grinder.
Grinder is lightly wounded.
Grinder barely misses you.
Casting: Magic Dart (safe; 1% risk of failure)
Confirm with . or Enter, or press ? or * to list all spells.
Aiming: Magic Dart (safe; 1% risk of failure)
Press: ? - help, Shift-Dir - straight line, f/p - Grinder
Aim: Grinder (lightly wounded)
The magic dart hits Grinder.
Grinder is moderately wounded.
Grinder closely misses you.
Casting: Magic Dart (safe; 1% risk of failure)
Confirm with . or Enter, or press ? or * to list all spells.
Aiming: Magic Dart (safe; 1% risk of failure)
Press: ? - help, Shift-Dir - straight line, f/p - Grinder
Aim: Grinder (moderately wounded)
The magic dart hits Grinder.
Grinder is moderately wounded.
Grinder hits you!
You writhe in agony.
Casting: Magic Dart (safe; 1% risk of failure)
Confirm with . or Enter, or press ? or * to list all spells.
Aiming: Magic Dart (safe; 1% risk of failure)
Press: ? - help, Shift-Dir - straight line, f/p - Grinder
Aim: Grinder (moderately wounded)
The magic dart hits Grinder.
Grinder is heavily wounded.
Grinder barely misses you.
Casting: Magic Dart (safe; 1% risk of failure)
Confirm with . or Enter, or press ? or * to list all spells.
Aiming: Magic Dart (safe; 1% risk of failure)
Press: ? - help, Shift-Dir - straight line, f/p - Grinder
Aim: Grinder (heavily wounded)
The magic dart hits Grinder.
Grinder is heavily wounded.
The centaur shouts!
Grinder hits you.
You writhe in agony.
The centaur shoots an arrow.
You block the arrow.
Casting: Magic Dart (safe; 1% risk of failure)
Confirm with . or Enter, or press ? or * to list all spells.
Aiming: Magic Dart (safe; 1% risk of failure)
Press: ? - help, Shift-Dir - straight line, f/p - Grinder
Aim: Grinder (heavily wounded)
The magic dart hits Grinder.
Grinder is heavily wounded.
The centaur shoots an arrow.
The arrow hits you.
Grinder grins, showing sharp teeth.
Grinder hits you.
* * * LOW HITPOINT WARNING * * *
You writhe in agony.
* * * LOW HITPOINT WARNING * * *
Casting: Magic Dart (safe; 1% risk of failure)
Confirm with . or Enter, or press ? or * to list all spells.
Aiming: Magic Dart (safe; 1% risk of failure)
Press: ? - help, Shift-Dir - straight line, f/p - Grinder
Aim: Grinder (heavily wounded)
The magic dart hits Grinder.
Grinder is severely wounded.
The centaur shoots an arrow.
You block the arrow. Grinder closely misses you.
The centaur shoots an arrow.
The arrow hits you!
* * * LOW HITPOINT WARNING * * *
The centaur shoots an arrow.
The arrow hits you!
You die...

### ########## .. .........# .c
########.# #. ######.# #.
##...##.####### #
#######.###.###.#.##.....
..........@..## ##..##.##.#
###.#(###.##5..# #..##.##.#
...#.# #.##.)$## ##.#.......
#.#.###.##.[#.###.#.##.##.#
#....#.#....##.....[......#
##.....#..)#.######..##.....
#........(.#.######.########
#......##.....ยง.....##
..####......$...#.#####...#######


You could see Grinder and a centaur.

Vanquished Creatures
  A phantom (D:4)
  2 scorpions
  A howler monkey (D:4)
  3 orc wizards
  4 orc priests
  2 iguanas (D:4)
  A worker ant (D:4)
  3 gnolls (D:4)
  A howler monkey skeleton (D:4)
  10 adders
  2 oozes
  A worm (D:3)
  4 dart slugs
  3 leopard geckos
  13 orcs
  4 giant cockroaches
  9 goblins
  11 hobgoblins
  2 jackals (D:4)
  2 quokkas (D:2)
  2 ball pythons
  9 bats
  3 frilled lizards
  9 kobolds
  8 rats
110 creatures vanquished.

Vanquished Creatures (collateral kills)
  A goblin (D:2)
1 creature vanquished.

Grand Total: 111 creatures vanquished

Notes
Turn   | Place    | Note
-------+----------+-------------------------------------------
     0 | D:1      | Amnesiac the Deep Elf Wizard began the quest for the Orb.
     0 | D:1      | Reached XP level 1. HP: 10/10 MP: 7/7
   208 | D:1      | Reached XP level 2. HP: 16/16 MP: 7/9
   212 | D:1      | Learned a level 2 spell: Blink
   215 | D:1      | Learned a level 2 spell: Call Imp
   439 | D:1      | Reached skill level 1 in Fighting
   494 | D:1      | Reached XP level 3. HP: 20/20 MP: 7/11
   499 | D:1      | Learned a level 3 spell: Conjure Flame
   503 | D:1      | Learned a level 3 spell: Mephitic Cloud
  1062 | D:2      | Found a stormy altar of Qazlal.
  1070 | D:2      | Gained mutation: You are resistant to hostile enchantments. (MR+) [potion of mutation]
  1070 | D:2      | Gained mutation: You are highly resistant to hostile enchantments. (MR++) [potion of mutation]
  1539 | D:2      | Reached XP level 4. HP: 19/25 MP: 1/12
  2059 | D:2      | Reached XP level 5. HP: 30/30 MP: 8/13
  3571 | D:4      | Reached XP level 6. HP: 37/37 MP: 4/14
  3965 | D:4      | Reached skill level 1 in Shields
  4827 | D:4      | Reached XP level 7. HP: 41/41 MP: 11/15
  5009 | D:4      | Found a staircase to the Ecumenical Temple.
  5020 | Temple   | Entered the Ecumenical Temple
  5112 | Temple   | Became a worshipper of Sif Muna the Loreminder
  5170 | D:5      | Entered Level 5 of the Dungeon
  5464 | D:5      | HP: 2/41 [centaur/arrow (15)]
  5998 | D:5      | Noticed Grinder
  6012 | D:4      | Reached skill level 5 in Spellcasting
  6012 | D:4      | Reached skill level 5 in Conjurations
  6204 | D:5      | Shot with an arrow by a centaur

Vault maps used:
D:1:      scummos_arrival_gate, hex_intersection, minmay_misc_feat_rows
D:2:      cheibrodos_helix_gallery, grunt_qazlal_clouds
D:3:      first_ration, small_statue_intersection
D:4:      minmay_temple_entry_enclosed_plants
D:5:      serial_bayou_crossing, uniq_sigmund, uniq_grinder
Temple:   compressed_dpeg_triangle_lava_temple

Skill      XL: |  1  2  3  4  5  6  7 |
---------------+----------------------+-----
Conjurations   | 2 3 4 5 |  5.2
Fighting       | 1 2 3 |  3.3
Shields        | 3 |  3.8
Spellcasting   | 5 |  5.0
Dodging        | |  2.4
Stealth        | |  2.4
Summonings     | |  1.1
Translocations | |  1.1

Action                   |  1- 3 |  4- 6 |  7- 9 || total
-------------------------+-------+-------+-------++-------
Melee: Unarmed           |    11 |       |     1 ||    12
       Dagger            |       |       |    14 ||    14
 Cast: Magic Dart        |    96 |   173 |    92 ||   361
       Mephitic Cloud    |     3 |     6 |     4 ||    13
       Call Imp          |     2 |       |     1 ||     3
       Blink             |       |       |     1 ||     1
  Use: Potion            |     3 |     1 |     1 ||     5
       Scroll            |     2 |     3 |     5 ||    10
  Eat: Chunk             |     2 |     9 |     1 ||    12
       Ration            |       |       |     1 ||     1
Armor: Robe              |     6 |     4 |     6 ||    16
Dodge: Dodged            |    32 |    24 |    16 ||    72
Block: Buckler           |       |       |    10 ||    10

Table legend:
 A = Spawn XP
 B = Non-spawn XP
 C = Spawn XP percentage of total XP
 D = Spawn monster count
 E = Non-spawn monster count
 F = Spawn count percentage of total count
 G = Total turns spent on level
                    A         B        C        D         E        F      G
               +---------+---------+-------+---------+---------+-------+---------
         Total |       0 |    1068 |   0.0 |       0 |     111 |   0.0 |  6204
               +---------+---------+-------+---------+---------+-------+---------
           D:1 |       0 |      57 |   0.0 |       0 |      27 |   0.0 |  1017
           D:2 |       0 |     150 |   0.0 |       0 |      26 |   0.0 |  1036
           D:3 |       0 |      73 |   0.0 |       0 |      23 |   0.0 |  1472
           D:4 |       0 |     654 |   0.0 |       0 |      27 |   0.0 |  2034
           D:5 |       0 |     134 |   0.0 |       0 |       8 |   0.0 |   543
               +---------+---------+-------+---------+---------+-------+---------
